 Dungeon Crawl Stone Soup version 0.18.1-8-gdd0e5ea (webtiles) character file.

51 M4edhros the Sneak (level 3, 0/23 HPs)
             Began as an Octopode Artificer on June 7, 2016.
             Slain by an adder (3 damage)
             ... on level 2 of the Dungeon.
             The game lasted 00:00:58 (1408 turns).

M4edhros the Sneak (Octopode Artificer)             Turns: 1408, Time: 00:00:59

Health: 0/23       AC:  1    Str: 10    XL:     3   Next: 81%
Magic:  5/5        EV: 12    Int: 14    God:
Gold:   88         SH:  0    Dex: 13    Spells: 0 memorised, 2 levels left

rFire  . . .     SeeInvis .     a - +0 short sword
rCold  . . .     Gourm    .     (no shield)
rNeg   . . .     Faith    .     (helmet restricted)
rPois  .         Spirit   .     (no amulet)
rElec  .         Dismiss  .     (no ring)
rCorr  .         Reflect  .     (no ring)
SustAt .         Harm     .     (no ring)
MR     .....                    (no ring)
Stlth  ++++......               (no ring)
                                (no ring)
                                (no ring)
                                (no ring)

@: lethally poisoned (0 -> -4), not resistant to hostile enchantments, stealthy
A: almost no armour, amphibious, 8 rings, constrict 8, camouflage 1, gelatinous
body 1
a: no special abilities


You were on level 2 of the Dungeon.
You were very hungry.

You visited 1 branch of the dungeon, and saw 2 of its levels.

You collected 88 gold pieces.

Inventory:

Hand Weapons
 a - a +0 short sword (weapon)
Wands
 b - a wand of flame (9/48)
 c - a wand of enslavement (13/24)
 d - a wand of random effects (15/48)
Scrolls
 g - a scroll of amnesia {unknown}
 i - a scroll of identify {unknown}
Potions
 e - a potion of mutation {unknown}
Books
 h - a book of Conjurations

   Spells                             Type                      Level
   a - Magic Dart                     Conjuration                  1
   b - Searing Ray                    Conjuration                  2
   c - Dazzling Spray                 Conjuration/Hexes            3
   d - Fulminant Prism                Conjuration/Hexes            4
   e - Iskenderun's Mystic Blast      Conjuration                  4
   f - Iskenderun's Battlesphere      Conjuration/Charms           5
Comestibles
 f - a bread ration


   Skills:
 - Level 1.0 Fighting
 - Level 1.0 Short Blades
 - Level 2.0 Dodging
 + Level 5.1 Stealth
 - Level 3.2 Evocations


You had 2 spell levels left.
You didn't know any spells.

Dungeon Overview and Level Annotations

Branches:
Dungeon (2/15)

Altars:
Dithmenos


Innate Abilities, Weirdness & Mutations

You cannot wear most types of armour.
You are amphibious.
You can wear up to eight rings at the same time.
You can use your tentacles to constrict eight enemies at once.
Your skin changes colour to match your surroundings (Stealth).
Your rubbery body absorbs attacks (AC +1).


Message History

The adder poisons you!
You barely miss the adder. Your grab misses the adder.
The adder is heavily wounded.
You feel sick. The adder bites you.
Evoke which item? (* to show all) (? for menu, Esc to quit)
Zapping:
b - a wand of flame (11/48)
Press: ? - help, Shift-Dir - straight line, f - adder
Aim: an adder (heavily wounded)
The puff of flame hits the adder.
The adder is almost dead.
This wand has 10 charges left.
The adder bites you.
* * * LOW HITPOINT WARNING * * *
Evoke which item? (* to show all) (? for menu, Esc to quit)
Zapping:
b - a wand of flame (10/48)
Press: ? - help, Shift-Dir - straight line, f/p - adder
Aim: an adder (almost dead)
The puff of flame misses the adder.
This wand has 9 charges left.
* * * LOW HITPOINT WARNING * * *
You feel sick. The adder bites you.
You die...

####
#..
#S#
#@#
#.#
#.#
#.#
#.#
#.#
#.#
#.#
#.#


You could see an adder.

Vanquished Creatures
  A gnoll (D:1)
  An ooze (D:1)
  2 worms (D:2)
  A dart slug (D:2)
  2 giant geckos (D:1)
  2 bats
  A giant cockroach (D:1)
  4 hobgoblins
  5 jackals (D:2)
  A ball python (D:2)
  2 giant newts
  2 kobolds
  3 rats (D:1)
27 creatures vanquished.

Vanquished Creatures (others)
  A hobgoblin (D:1)
  A jackal (D:2)
2 creatures vanquished.

Grand Total: 29 creatures vanquished

Notes
Turn   | Place    | Note
--------------------------------------------------------------
     0 | D:1      | M4edhros the Octopode Artificer began the quest for the Orb.
     0 | D:1      | Reached XP level 1. HP: 13/13 MP: 3/3
    71 | D:1      | Reached skill level 3 in Stealth
    71 | D:1      | Reached XP level 2. HP: 13/18 MP: 4/4
   491 | D:1      | Reached skill level 4 in Stealth
   499 | D:1      | Reached XP level 3. HP: 23/23 MP: 5/5
   903 | D:2      | Found a shadowy altar of Dithmenos.
  1218 | D:2      | Reached skill level 5 in Stealth
  1408 | D:2      | Slain by an adder

Skill      XL: |  1  2  3 |
---------------+----------+-----
Stealth        | 3 4 5 |  5.1
Fighting       | |  1.0
Short Blades   | |  1.0
Dodging        | |  2.0
Evocations     | |  3.2

Action                   || total
-------------------------++-------
Melee: Short sword       ||    60
       Constrict         ||    13
       Tentacles         ||     9
Evoke: Wand              ||     8
 Stab: Sleeping          ||     5
Armor: Skin              ||     1
Dodge: Dodged            ||    37
